 Dungeon Crawl Stone Soup version 0.21-a0-2-ge494091 (webtiles) character file.

35 mopl the Sneak (level 3, -1/20 HPs)
             Began as a Deep Elf Assassin on May 21, 2017.
             Slain by a kobold
             ... wielding a +0 short sword
              (4 damage)
             ... on level 1 of the Dungeon.
             The game lasted 00:01:40 (568 turns).

mopl the Sneak (Deep Elf Assassin)                   Turns: 568, Time: 00:01:41

Health: -1/20      AC:  4    Str:  8    XL:     3   Next: 16%
Magic:  5/5        EV: 12    Int: 15    God:
Gold:   68         SH:  0    Dex: 17    Spells: 2/2 levels left

rFire    . . .     SeeInvis .   b - +0 blowgun
rCold    . . .     Gourm    .   (no shield)
rNeg     . . .     Faith    .   c - +0 robe
rPois    .         Spirit   .   (no helmet)
rElec    .         Reflect  .   d - +0 cloak
rCorr    .         Harm     .   k - +0 pair of gloves
MR       .....                  (no boots)
Stlth    ++++......             (no amulet)
Regen    0.1/turn               p - ring of stealth (curse)
MPRegen  0.1/turn               (no ring)

@: no status effects
A: no striking features
a: no special abilities


You were on level 1 of the Dungeon.
You were not hungry.

You visited 1 branch of the dungeon, and saw 1 of its levels.

You collected 68 gold pieces.

Inventory:

Hand Weapons
 a - a +2 dagger
 b - a +0 blowgun (weapon)
Missiles
 e - 13 poisoned needles (quivered)
 f - 2 curare-tipped needles
Armour
 c - a +0 robe (worn)
 d - a +0 cloak (worn)
 k - a +0 pair of gloves (worn)
Jewellery
 p - a cursed ring of stealth (left hand)
Scrolls
 i - a scroll of fear {unknown}
 j - a scroll of enchant armour {unknown}
 m - a scroll of blinking {unknown}
 o - a scroll of remove curse {unknown}
 r - a scroll of magic mapping {unknown}
 s - a scroll of random uselessness {unknown}
Potions
 h - a potion of curing {unknown}
 t - a potion of flight {unknown}
Comestibles
 g - 3 bread rations
 l - a chunk of flesh
 n - 2 meat rations
 q - 4 fruits


   Skills:
 - Level 1.5 Fighting
 + Level 2.4 Short Blades
 + Level 2.4 Throwing
 - Level 1.2 Dodging
 * Level 5.7 Stealth


You had 2 spell levels left.
You didn't know any spells.

Dungeon Overview and Level Annotations

Branches:
Dungeon (1/15)

Altars:


Message History

The kobold looks more healthy.
Firing (i - inventory. (,) - cycle):
e - 16 poisoned needles (quivered)
Press: ? - help, Shift-Dir - straight line, f/p - kobold
Aim: a kobold, wielding a short sword (severely wounded)
You shoot a poisoned needle. The poisoned needle hits the kobold.
The kobold is severely wounded.
Unknown command.
Firing (i - inventory. (,) - cycle):
e - 15 poisoned needles (quivered)
Press: ? - help, Shift-Dir - straight line, f/p - kobold
Aim: a kobold, wielding a short sword (severely wounded)
You shoot a poisoned needle.
The poisoned needle barely misses the kobold.
Unknown command.
Firing (i - inventory. (,) - cycle):
e - 14 poisoned needles (quivered)
Press: ? - help, Shift-Dir - straight line, f/p - kobold
Aim: a kobold, wielding a short sword (severely wounded)
You shoot a poisoned needle.
The poisoned needle barely misses the kobold.
The kobold hits you with a short sword.
You die...

).# #..#.................#.# #.#
##...#................#.# #รท#
#.....##............###.#
#.###.#.#.##..........#...#.#
#(((#.#...............###...#####
###...###.##..........# #.......#
##.....##..##........## #.......#
...###..K..##........## #.......#
#.## ####..#((.K@.....# #.).....#
#.## #.............# #.....>.#
#..######.##..........# #.......#
.......##.##[.........# #.......#
######..#.##..........# #.......#
##.#.##.........## #.......#
#.#.##........## #.......#
#.....#......## ##..#####
###.#..#####.# #...#


You could see a kobold.

Vanquished Creatures
  A dart slug (D:1)
  A ball python (D:1)
  3 giant cockroaches (D:1)
  3 goblins (D:1)
  3 hobgoblins (D:1)
  4 jackals (D:1)
  A bat (D:1)
  2 frilled lizards (D:1)
  3 kobolds (D:1)
  12 rats (D:1)
33 creatures vanquished.

Notes
Turn   | Place    | Note
-------+----------+-------------------------------------------
     0 | D:1      | mopl the Deep Elf Assassin began the quest for the Orb.
     0 | D:1      | Reached XP level 1. HP: 12/12 MP: 3/3
    21 | D:1      | Reached skill level 5 in Stealth
    63 | D:1      | Reached XP level 2. HP: 16/16 MP: 4/4
   424 | D:1      | Reached XP level 3. HP: 18/20 MP: 5/5
   538 | D:1      | HP: 1/20 [dart slug/slug dart (3)]
   568 | D:1      | Slain by a kobold

Vault maps used:
D:1:      onia_arrival_larder, minmay_small_reverse_x

Skill      XL: |  1 |
---------------+----+-----
Stealth        | 5 |  5.7
Fighting       | |  1.5
Short Blades   | |  2.4
Throwing       | |  2.4
Dodging        | |  1.2

Action                   || total
-------------------------++-------
Melee: Dagger            ||    70
 Fire: Blowgun           ||    22
 Stab: Sleeping          ||    12
Armor: Robe              ||    14
Dodge: Dodged            ||    52
